Map: New Gettysburg LE

Players

Zezary - Winner!

  • Race: Zerg Zerg
  • League: Diamond
  • Spawn Location: 5:00

Fropez

  • Race: Protoss Protoss
  • League: Gold
  • Spawn Location: 7:00

VOD

Have the link to the VOD?

Description

Time

  • Played on: Oct. 12, 2016, 8:40 p.m.
  • Length: 20:29
Show
View Real Time Build Order
Export as new Build Order

Zezary Zerg - Winner!

Build Orders: Hatch First 

Get SALT Encoding   

  12  0:02  Drone  
  13  0:13  Overlord  
  13  0:18  Drone  
  14  0:31  Drone x2  
  16  0:50  Hatchery  
  16  0:55  Drone  
  16  1:08  Spawning Pool  
  15  1:12  Drone  
  15  1:16  Drone  
  17  1:19  Drone  
  17  1:24  Drone  
  17  1:25  Extractor  
  18  1:36  Drone  
  19  1:44  Overlord  
  19  1:55  Queen  
  19  1:59  Zergling x2  
  22  2:08  Queen  
  22  2:13  Drone  
  25  2:16  Drone  
  25  2:19  Drone  
  27  2:30  Queen  
  27  2:34  Roach Warren  
  28  2:37  Drone  
  28  2:39  Drone x2  
  28  2:43  Extractor  
  30  3:01  Drone  
  30  3:02  Drone x2  
  30  3:03  Drone  
  30  3:04  Zergling x2  
  30  3:05  Zergling x2  
  36  3:16  Spine Crawler  
  35  3:43  Queen  
  35  3:46  Queen  
  36  3:49  Overlord x2  
  36  3:54  Spine Crawler  
  33  4:04  Roach  
  35  4:17  Roach x4  
  43  4:33  Roach x3  
  49  4:39  Drone  
  50  4:49  Drone  
  50  4:50  Drone  
  50  4:51  Overlord  
  52  5:03  Metabolic Boost  
  52  5:20  Overlord  
  52  5:22  Drone  
  52  5:28  Spore Crawler, Roach x3  
  58  5:45  Ravager  
  58  5:46  Ravager  
  58  5:48  Overlord  
  60  6:00  Spore Crawler  
  59  6:16  Ravager x3  
  59  6:17  Ravager x3  
  66  6:18  Zergling x2  
  66  6:19  Zergling x4  
  68  6:27  Overlord x2  
  62  6:57  Zergling x2  
  62  6:58  Zergling x28  
  77  7:06  Drone x3  
  44  8:00  Drone  
  44  8:01  Drone x3  
  45  8:13  Drone  
  45  8:14  Drone x6  
  50  8:28  Zergling x2  
  50  8:29  Zergling x4  
  50  8:43  Drone x3  
  50  8:44  Evolution Chamber x2  
  50  8:46  Hatchery  
  50  8:51  Drone  
  50  8:52  Drone  
  52  8:58  Drone x2  
  52  8:59  Drone  
  55  9:11  Lair  
  55  9:12  Zerg Melee Weapons Level 1  
  55  9:13  Zerg Ground Armor Level 1  
  55  9:18  Drone x5  
  55  9:19  Drone  
  61  9:24  Zergling x4  
  61  9:25  Zergling x2  
  64  9:32  Zergling x4  
  66  9:42  Zergling x8  
  70  9:57  Zergling x10  
  70  9:58  Queen  
  76  10:16  Zergling x10  
  76  10:17  Zergling x2  
  77  10:33  Queen  
  66  10:46  Zergling x4  
  66  10:47  Zergling x10  
  66  10:48  Zergling x10  
  51  11:36  Zerg Melee Weapons Level 2  
  51  11:37  Zerg Ground Armor Level 2  
  51  11:38  Spire  
  50  11:42  Drone  
  50  11:43  Drone x2  
  51  12:04  Zergling x6  
  51  12:05  Zergling x16  
  58  12:23  Zergling x16  
  66  12:30  Extractor  
  66  12:31  Extractor, Drone  
  66  12:32  Drone  
  66  12:44  Drone x8  
  74  13:01  Drone x4  
  74  13:02  Drone x3  
  81  13:14  Drone x3  
  84  13:20  Zerg Flyer Weapons Level 1  
  84  13:26  Overlord x2  
  84  13:27  Overlord x3  
  84  13:37  Mutalisk  
  84  13:38  Infestation Pit, Mutalisk x2  
  89  13:44  Mutalisk x2  
  89  13:47  Mutalisk  
  95  13:50  Mutalisk  
  95  13:52  Mutalisk  
  99  14:20  Mutalisk x8  
  115  14:42  Extractor  
  115  14:44  Extractor  
  111  14:55  Drone x3  
  111  14:56  Drone x3  
  117  15:04  Hive  
  117  15:17  Mutalisk x4  
  125  15:22  Hatchery  
  124  15:43  Zergling x2  
  124  15:44  Zergling x8  
  124  15:45  Overlord x5  
  129  15:59  Hatchery  
  128  16:11  Extractor x2  
  127  16:17  Overlord x4  
  126  16:18  Drone  
  126  16:19  Zergling x2, Drone  
  126  16:20  Zergling x16  
  137  16:29  Zerg Melee Weapons Level 3, Adrenal Glands  
  137  16:34  Overseer x2  
  137  16:54  Mutalisk  
  137  16:55  Mutalisk x6  
  141  17:43  Zergling x12  
  141  17:44  Zergling x20  
  154  18:01  Queen  
  154  18:03  Zergling x2  
  157  18:10  Greater Spire  
  157  18:11  Corruptor x4  
  157  18:12  Corruptor  
  138  18:29  Zergling x2  
  138  18:30  Zergling x14  
  143  18:36  Zergling x2  
  143  18:37  Zergling x10  
  149  18:57  Zergling x2  
  149  18:58  Zergling x14  
  155  19:54  Brood Lord x4  
  155  19:55  Brood Lord  
  158  20:09  Extractor x2  
Show
View Real Time Build Order
Export as new Build Order

Fropez Protoss 

Build Orders:  

Get SALT Encoding   

  12  0:01  Probe (Chrono Boost)  
  13  0:15  Pylon  
  13  0:18  Probe (Chrono Boost)  
  14  0:29  Probe (Chrono Boost)  
  14  0:34  Gateway  
  15  0:39  Probe (Chrono Boost)  
  16  0:50  Probe (Chrono Boost), Assimilator  
  17  1:02  Gateway  
  17  1:04  Probe (Chrono Boost)  
  18  1:14  Probe (Chrono Boost)  
  19  1:22  Cybernetics Core  
  19  1:25  Probe (Chrono Boost)  
  20  1:31  Pylon  
  20  1:50  Probe (Chrono Boost)  
  21  1:58  Adept  
  21  1:59  Adept  
  21  2:00  Probe (Chrono Boost)  
  26  2:17  Pylon  
  25  2:26  Adept x2  
  29  2:30  Warp Gate  
  29  2:39  Probe (Chrono Boost)  
  30  2:46  Pylon  
  30  2:53  Adept x2  
  34  3:16  Pylon  
  32  3:57  Nexus  
  32  4:00  Assimilator  
  32  4:02  Assimilator  
  30  4:05  Nexus  
  30  4:08  Pylon  
  30  4:35  Assimilator  
  30  4:45  Gateway  
  30  4:48  Gateway  
  30  4:51  Gateway  
  30  5:00  Gateway x2  
  30  5:04  Stalker  
  32  5:07  Gateway  
  32  5:08  Probe (Chrono Boost)  
  32  5:13  Pylon  
  34  5:21  Probe (Chrono Boost)  
  34  5:29  Stalker x2  
  38  5:38  Mothership Core (Chrono Boost)  
  40  5:46  Probe (Chrono Boost)  
  41  5:55  Pylon  
  41  5:56  Probe (Chrono Boost)  
  42  6:07  Probe (Chrono Boost)  
  43  6:12  Stalker x2  
  43  6:13  Stalker x2  
  43  6:17  Probe (Chrono Boost)  
  50  6:33  Robotics Facility  
  50  6:37  Probe (Chrono Boost)  
  49  6:45  Assimilator  
  49  6:47  Assimilator  
  49  6:55  Adept x6  
  61  7:16  Stalker x3  
  61  7:20  Probe (Chrono Boost)  
  68  7:31  Probe (Chrono Boost)  
  68  7:37  Pylon  
  69  7:38  Pylon  
  69  7:39  Stalker x2  
  57  8:10  Immortal (Chrono Boost)  
  57  8:15  Stalker x3  
  57  8:16  Probe  
  62  8:23  Probe  
  63  8:27  Probe  
  63  8:33  Adept x2  
  63  8:34  Adept x2  
  62  8:48  Immortal (Chrono Boost)  
  62  8:49  Probe  
  62  8:51  Probe  
  62  8:53  Probe  
  65  9:01  Probe  
  66  9:09  Sentry x3  
  72  9:43  Gateway  
  72  9:50  Pylon  
  72  9:52  Adept x3  
  74  9:53  Adept x4  
  76  10:40  Adept x3  
  76  10:41  Adept x4  
  68  11:02  Adept x5  
  68  11:03  Adept x2  
  78  11:09  Probe  
  78  11:10  Probe  
  78  11:11  Probe  
  57  11:26  Twilight Council  
  57  11:29  Forge  
  57  11:30  Forge  
  57  11:32  Adept x4  
  51  11:35  Pylon, Probe  
  52  11:44  Gateway  
  52  11:46  Probe  
  52  11:48  Pylon  
  52  11:51  Pylon  
  53  12:14  Adept x3  
  53  12:15  Adept  
  57  12:18  Resonating Glaives (Chrono Boost)  
  53  12:30  Protoss Ground Armor Level 1  
  53  12:37  Pylon  
  53  12:40  Probe  
  53  12:41  Protoss Ground Weapons Level 1  
  54  12:56  Warp Prism  
  56  13:13  Adept x3  
  62  14:25  Adept  
  62  14:26  Adept x6  
  62  14:27  Adept x2  
  62  14:29  Templar Archives  
  73  14:52  Stalker x2  
  77  14:53  Stalker x3  
  77  14:54  Stalker  
  85  15:07  High Templar x2  
  85  15:08  High Templar  
  85  15:12  Archon  
  87  15:32  Stalker x2  
  87  15:33  Stalker x4  
  99  15:41  High Templar  
  99  15:42  High Templar x2  
  105  15:47  Archon  
  105  15:50  Archon  
  105  16:03  High Templar x5  
  105  16:04  High Templar  
  117  16:08  Pylon  
  117  16:10  Pylon  
  117  16:11  Archon x3  
  113  17:35  High Templar x4  
  113  17:36  High Templar x5  
  109  17:40  Archon x4  
  109  18:05  Protoss Ground Armor Level 2  
  107  18:22  Protoss Shields Level 1  
  99  18:29  Zealot x3  
  99  18:30  Zealot x3  
  99  18:33  Zealot  
  113  18:57  Zealot x4  
  113  18:58  Zealot x4  
  129  19:02  Nexus  
  129  19:05  Pylon  
  129  19:06  Pylon  
  129  19:19  Pylon  
  129  19:58  Assimilator  
  129  20:03  Assimilator  
  129  20:04  Cybernetics Core  
Tags
 
Matchup
PvZ
Replay Pack
All Mines
Spawn Locations
Close Positions
Add a new tag
Caveats
  • Supply blocks, unpowered buildings, or Contaminate may cause inaccurate times.
  • Supply counts are checked every 10 seconds.